 Dungeon Crawl Stone Soup version 0.18-a0-270-ga9d907f (webtiles) character file.

158937 endege the Severer (level 17, -39/107 HPs)
             Began as a Gargoyle Berserker on Nov 26, 2015.
             Was the Champion of Trog.
             Killed from afar by Mara (illusionary) (44 damage)
             ... with a bolt of fire
             ... on level 4 of the Snake Pit.
             The game lasted 00:36:04 (33048 turns).

endege the Severer (Gargoyle Berserker)            Turns: 33048, Time: 00:36:04

Health: -39/107    AC: 40    Str: 22    XL:     17   Next: 73%
Magic:  17/17      EV: 14    Int:  9    God:    Trog [******]
Gold:   539        SH:  0    Dex: 12    Spells: 0 memorised, 16 levels left

rFire  . . .     SeeInvis .     l - +5 battleaxe (vamp)
rCold  + . .     Clarity  .     r - +0 plate armour
rNeg   + . .     SustAt   .     (shield currently unavailable)
rPois  ∞         Gourm    .     o - +0 helmet
rElec  +         Spirit   .     p - +2 cloak {MR+}
rCorr  .         Warding  .     j - +2 pair of gloves
rMut   .         Rnd*Tele +     q - +2 pair of boots {run}
MR     ++...                    x - amulet of faith
Stlth  ..........               B - +5 ring of evasion
                                a - ring of protection from cold

@: exhausted, flying, slowed, constricted, very slow, very resistant to hostile
enchantments, extremely unstealthy
A: big wings, talons 2, blurry vision 1, clumsy 1, negative energy resistance 1,
electricity resistance, teleportitis 1, unbreathing, petrification resistance,
rot immunity, AC +12
a: Stop Flying, Berserk, Trog's Hand, Brothers in Arms, Burn Spellbooks,
Renounce Religion


You were on level 4 of the Snake Pit.
You worshipped Trog.
Trog was exalted by your worship.
You were near starving.

You visited 4 branches of the dungeon, and saw 31 of its levels.
You also visited: Ossuary.

You collected 2961 gold pieces.
You spent 2422 gold pieces at shops.


Innate Abilities, Weirdness & Mutations

You are resistant to torment.
Your stone body is resilient (AC +12).
You are immune to poison.
Your large and strong wings let you fly indefinitely.
You resist negative energy.
You are resistant to electric shocks.
You can survive without breathing.
You are immune to petrification.
You are immune to rotting.
You have razor-sharp toenails.
Scrolls take you a little longer to read.
You are clumsy. (Dex -2)
You are occasionally teleported to nearby monsters.


   Skills:
 - Level 12.3 Fighting
 - Level 20.0 Axes
 - Level 12.5 Armour
 + Level 12.4 Dodging


You had 16 spell levels left.
You didn't know any spells.

Inventory:

Hand Weapons
 l - a +5 vampiric battleaxe (weapon)
Missiles
 d - 4 javelins (quivered)
Armour
 j - a +2 pair of gloves (worn)
 o - a +0 helmet (worn)
 p - a +2 cloak of magic resistance (worn)
 q - a +2 pair of boots of running (worn)
 r - a +0 plate armour (worn)
 D - a +1 chain mail of fire resistance
Jewellery
 a - a ring of protection from cold (left hand)
 w - an uncursed ring of ice
 x - an amulet of faith (around neck)
 B - a +5 ring of evasion (right hand)
 H - an uncursed ring of protection from fire
 Y - a +5 ring of strength
Wands
 b - a wand of teleportation (1)
 u - a wand of digging (15)
Scrolls
 f - 13 scrolls of identify
 i - 16 scrolls of remove curse
 t - 2 scrolls of teleportation
Potions
 c - 4 potions of resistance
 g - 15 potions of curing
 k - 3 potions of might
 n - 6 potions of haste
 s - 2 potions of heal wounds
Comestibles
 e - 4 slices of pizza
 h - 12 meat rations
 m - 10 bread rations
 v - 5 fruits
 z - 2 chunks of flesh

Dungeon Overview and Level Annotations

Branches:
Dungeon (15/15)            Temple (0/1) D:6            Lair (8/8) D:9
 Shoals (0/4) Lair:3        Snake (4/4) Lair:6        Slime (0/6) Lair:8
    Orc (4/4) D:12            Elf (0/3) Orc:4        Vaults (0/5) D:14
 Depths (0/5) D:15

Altars:
Ashenzari
Cheibriados
Dithmenos
Elyvilon
Fedhas
Gozag
Okawaru
Vehumet
Xom
Zin
Jiyva

Shops:
D:4 }!=**   D:8 (   Orc:4 ([(*=   Snake:2 [

Annotations:
Lair:8 1 runed door
Snake:4 Mara, Nikola


Message History

The splash of poison hits you! You resist.
* * * LOW HITPOINT WARNING * * *
The naga warrior constricts you.
33048 ||| DRINKING 3 potions of heal wounds.
You feel much better.
Your troll bites the naga warrior!!
The naga warrior blocks your troll's attack. x2
The naga sharpshooter shoots a bolt.
The bolt hits you!!
* * * LOW HITPOINT WARNING * * *
The bolt freezes you.
* * * LOW HITPOINT WARNING * * *
The naga completely misses you.
The naga ritualist casts a spell.
The naga ritualist begins to radiate toxic energy.
Endege's illusion misses you.
Your troll bites the naga warrior.
Your troll claws the naga warrior.
The naga warrior blocks your troll's attack.
Mara gestures at you. The bolt of fire hits you!
You die...

#....# ##....## #R....$#
#......# #......#
########
#####......#####..()..##
......(.................
......N)N.........N.....
R....¤@@T...............
......NR(...............
#####.N)@..######......#
#......# ########
#......# #...N..#
#......# #....N.#
##....¤.######


You could see Nikola, 3 Maras, 2 naga warriors, 2 naga sharpshooters, a naga
ritualist, a naga, endege's illusion and a friendly troll (berserk).

Vanquished Creatures
  Kirke (Snake:3)
  4 greater nagas
  The ghost of endege the Severer, an adept TeBe of Trog (Snake:2)
  An orc warlord (Orc:4)
  2 very ugly things
  Azrael (Snake:1)
  Snorg (Lair:3)
  Josephine (Orc:3)
  2 hydras
  5 vault guards (D:14)
  An ogre mage (D:14)
  A yaktaur captain (D:15)
  8 naga warriors
  7 anacondas
  5 centaur warriors
  A tengu warrior (D:14)
  A queen ant (Lair:8)
  2 orc high priests (Orc:4)
  14 death yaks
  Urug (Orc:3)
  7 naga sharpshooters
  6 shock serpents
  Sonja (Lair:3)
  9 skeletal warriors
  A salamander mystic (Snake:3)
  An unseen horror (D:10)
  5 orc knights
  10 hill giants
  16 ugly things
  A griffon (Lair:2)
  A wizard (D:14)
  2 orc sorcerers
  6 cyclopes
  2 manticores
  6 guardian serpents
  2 mana vipers
  A wolf spider (D:14)
  9 salamanders
  23 elephants
  21 black mambas
  A torpor snail (Lair:5)
  5 naga magi
  2 gargoyles
  5 centaur skeletons
  12 spiny frogs
  A kobold demonologist (D:15)
  3 fire drakes
  2 yaktaurs
  10 trolls
  7 komodo dragons
  2 polar bears
  A tengu conjurer (D:14)
  A two-headed ogre (D:15)
  3 slime creatures
  A trapdoor spider zombie (D:9)
  31 blink frogs
  3 trapdoor spiders
  A shadow (D:10)
  Sigmund (D:5)
  4 wraiths
  2 water elementals (D:13)
  32 yaks
  2 wyverns
  4 hogs (Snake:3)
  4 hungry ghosts
  3 deep elf magi
  4 basilisks
  4 fire elementals (Snake:1)
  12 hippogriffs
  2 wargs
  8 soldier ants
  9 swamp worms (Lair:2)
  A wolf (Lair:8)
  2 deep elf fighters (D:14)
  35 nagas
  8 ice beasts
  11 water moccasins
  4 hell hounds (Snake:1)
  19 porcupines
  2 black bears
  28 orc warriors
  6 phantoms
  2 wasps (D:8)
  3 eyes of draining
  A sky beast (D:13)
  11 ogres
  10 centaurs
  10 crocodiles
  3 necrophages
  An elf zombie (Ossuary)
  4 big kobolds
  12 giant frogs
  2 gnoll sergeants
  A water moccasin zombie (D:7)
  7 scorpions
  12 wights
  2 lava snakes
  A killer bee (D:11)
  6 electric eels
  2 centaur zombies (Ossuary)
  11 crimson imps
  4 giant frog zombies
  7 hounds
  A human zombie (Ossuary)
  17 orc wizards
  5 jellies
  Crazy Yiuf (D:2)
  19 orc priests
  14 iguanas
  4 giant frog skeletons
  Jessica (D:2)
  20 worker ants
  4 big kobold zombies (Ossuary)
  33 sheep
  A killer bee zombie (D:9)
  A hound zombie (D:7)
  2 hound skeletons
  3 mummies (Ossuary)
  A worker ant zombie (D:6)
  23 gnolls
  16 adders
  17 river rats
  5 shadow imps
  2 oozes
  5 adder zombies (Ossuary)
  An adder skeleton (D:7)
  18 worms
  2 giant geckos
  147 orcs
  6 goblins
  9 hobgoblins
  28 kobolds
  12 bats
  7 giant cockroaches
  A giant cockroach zombie (D:5)
  A giant gecko zombie (D:7)
  2 giant newts (D:3)
  7 goblin zombies
  3 hobgoblin zombies
  9 jackals
  3 jackal zombies (Ossuary)
  A kobold zombie (Ossuary)
  3 orc zombies (Ossuary)
  4 quokkas
  A quokka skeleton (D:4)
  5 quokka zombies (Ossuary)
  5 rats
  3 rat zombies (Ossuary)
  11 fungi
  9 plants
1093 creatures vanquished.

Vanquished Creatures (collateral kills)
  A greater naga (Snake:4)
  6 hydras
  An ogre mage (D:15)
  3 death yaks
  An orc high priest (Orc:4)
  Nergalle (Lair:3)
  A salamander (Snake:4)
  An elephant (Lair:8)
  A black mamba (Snake:2)
  A centaur zombie (D:15)
  3 spiny frogs
  A polar bear (Lair:7)
  A shadow (D:15)
  A naga (Snake:4)
  8 orc warriors (Orc:4)
  An orc priest (Orc:4)
  An iguana (Lair:1)
  6 river rats (Lair:4)
  4 orcs (Orc:4)
43 creatures vanquished.

Vanquished Creatures (others)
  3 nagas (Snake:4)
  A worker ant (D:13)
  14 fungi
  13 plants
31 creatures vanquished.

Grand Total: 1167 creatures vanquished

Notes
Turn   | Place    | Note
--------------------------------------------------------------
     0 | D:1      | endege the Gargoyle Berserker began the quest for the Orb.
     0 | D:1      | Reached XP level 1. HP: 14/14 MP: 1/1
     0 | D:1      | 0 ||| counter = 23
   122 | D:1      | Reached skill level 3 in Axes
   148 | D:1      | 148 ||| INVOKING Berserk.
   149 | D:1      | Reached XP level 2. HP: 10/19 MP: 2/2
   206 | D:1      | 206 ||| INVOKING Berserk.
   498 | D:1      | Reached XP level 3. HP: 20/23 MP: 3/3
   566 | D:1      | 566 ||| INVOKING Berserk.
   958 | D:1      | 958 ||| UPGRADING to pair of boots.
   963 | D:1      | 963 ||| READING scroll labeled LIAGUN ME TOKI.
   964 | D:1      | 964 ||| READING 3 scrolls labeled UQIUXU XEGUO.
   965 | D:1      | 965 ||| DRINKING 2 fizzy silvery potions.
   965 | D:1      | Gained mutation: You are clumsy. (Dex -2) [potion of mutation]
   965 | D:1      | Gained mutation: Scrolls take you a little longer to read. [potion of mutation]
   965 | D:1      | Gained mutation: You are occasionally teleported to nearby monsters. [potion of mutation]
   966 | D:1      | 966 ||| DRINKING 2 white potions.
   967 | D:1      | 967 ||| DROPPING potion of mutation.
  1066 | D:2      | Found a faded altar to an unknown god.
  1071 | D:2      | Reached skill level 4 in Axes
  1082 | D:2      | Reached ** piety under Trog
  1091 | D:2      | 1091 ||| INVOKING Berserk.
  1183 | D:2      | 1183 ||| INVOKING Berserk.
  1296 | D:2      | Reached XP level 4. HP: 18/28 MP: 4/4
  1390 | D:2      | Noticed Jessica
  1399 | D:2      | Killed Jessica
  1754 | D:2      | Noticed Crazy Yiuf
  1756 | D:2      | 1756 ||| INVOKING Berserk.
  1764 | D:2      | Killed Crazy Yiuf
  1764 | D:2      | Reached skill level 5 in Axes
  1764 | D:2      | Reached XP level 5. HP: 32/32 MP: 5/5
  1891 | D:2      | 1891 ||| UPGRADING to ring mail.
  1901 | D:2      | 1901 ||| DROPPING +0 animal skin.
  1902 | D:2      | 1902 ||| UPGRADING to embroidered cloak.
  1907 | D:2      | 1907 ||| READING scroll labeled SAFOUNKINT.
  1909 | D:2      | 1909 ||| READING scroll labeled HUOXKAF GUTWAL.
  1911 | D:2      | 1911 ||| READING scroll labeled WETOEL ESAATEEDO.
  1913 | D:2      | 1913 ||| READING 3 scrolls of identify.
  1913 | D:2      | 1913 ||| IDENTIFYING small copper ring
  1915 | D:2      | 1915 ||| DROPPING ring of invisibility.
  1916 | D:2      | 1916 ||| READING 2 scrolls of identify.
  1916 | D:2      | 1916 ||| IDENTIFYING lumpy pink potion
  2086 | D:3      | 2086 ||| INVOKING Berserk.
  2137 | D:3      | 2137 ||| INVOKING Berserk.
  2140 | D:3      | Reached *** piety under Trog
  2149 | D:3      | 2149 ||| Stepping ~*~*~tactically~*~*~ (water).
  2149 | D:3      | HP: 6/32 [gnoll/flail (4)]
  2150 | D:3      | 2150 ||| DRINKING potion of heal wounds.
  2345 | D:3      | Reached skill level 6 in Axes
  2345 | D:3      | Reached XP level 6. HP: 34/37 MP: 6/6
  2481 | D:3      | Found a shimmering altar of Xom.
  2765 | D:3      | Found a glowing silver altar of Zin.
  2997 | D:3      | 2997 ||| READING scroll labeled YRISIN SEPE.
  3002 | D:3      | 3002 ||| DRINKING 2 fuming grey potions.
  3003 | D:3      | 3003 ||| DRINKING 2 murky coppery potions.
  3004 | D:3      | 3004 ||| DRINKING 4 viscous dark potions.
  3005 | D:3      | 3005 ||| READING 3 scrolls of identify.
  3005 | D:3      | 3005 ||| IDENTIFYING black potion
  3007 | D:3      | 3007 ||| DROPPING potion of brilliance.
  3008 | D:3      | 3008 ||| DROPPING potion of agility.
  3009 | D:3      | 3009 ||| DROPPING potion of cancellation.
  3024 | D:4      | Found a shadowy altar of Dithmenos.
  3072 | D:4      | Found a radiant altar of Vehumet.
  3230 | D:4      | 3230 ||| EATING 4 slices of pizza.
  3271 | D:4      | Found Xuwoethrithro's Gadget Emporium.
  3276 | D:4      | Found Zyttiysk's Distillery.
  3286 | D:4      | Bought a potion of haste for 140 gold pieces
  3303 | D:4      | 3303 ||| INVOKING Berserk.
  3488 | D:4      | Found Vusuuw's Jewellery Boutique.
  3639 | D:4      | Found Riove's Assorted Antiques.
  3642 | D:4      | Bought a yellow potion for 19 gold pieces
  3867 | D:4      | Reached XP level 7. HP: 37/41 MP: 7/7
  3873 | D:4      | 3873 ||| INVOKING Berserk.
  3878 | D:4      | Reached skill level 7 in Axes
  3952 | D:4      | Found a blossoming altar of Fedhas.
  3969 | D:4      | Found Balint's General Store.
  3972 | D:4      | Bought a scroll of identify for 26 gold pieces
  4133 | D:4      | 4133 ||| READING scroll labeled DAIVAC QUBRIF.
  4135 | D:4      | 4135 ||| READING scroll labeled CAICWE VILASI.
  4137 | D:4      | 4137 ||| READING scroll labeled NALUSY SUZOING.
  4139 | D:4      | 4139 ||| READING 4 scrolls of identify.
  4139 | D:4      | 4139 ||| IDENTIFYING yellow potion
  4141 | D:4      | 4141 ||| DROPPING potion of lignification.
  4149 | D:5      | Entered Level 5 of the Dungeon
  4471 | D:5      | 4471 ||| EATING 3 slices of pizza.
  4487 | D:5      | 4487 ||| UPGRADING to glowing hand axe.
  4487 | D:5      | 4487 ||| Eating in order to wield vampiric weapon.
  4487 | D:5      | 4487 ||| EATING 2 slices of pizza.
  4488 | D:5      | 4488 ||| Eating in order to wield vampiric weapon.
  4488 | D:5      | 4488 ||| EATING slice of pizza.
  4489 | D:5      | 4489 ||| Eating in order to wield vampiric weapon.
  4489 | D:5      | 4489 ||| EATING 2 bread rations.
  4492 | D:5      | 4492 ||| UPGRADING to vampiric hand axe.
  4493 | D:5      | 4493 ||| DROPPING +1 hand axe.
  4496 | D:5      | Noticed Sigmund
  4497 | D:5      | 4497 ||| INVOKING Berserk.
  4502 | D:5      | Killed Sigmund
  4502 | D:5      | Reached skill level 8 in Axes
  4552 | D:5      | Found a shattered altar of Ashenzari.
  4572 | D:5      | Reached **** piety under Trog
  4598 | D:5      | Reached XP level 8. HP: 32/48 MP: 8/8
  4823 | D:5      | Found a sand-covered staircase.
  4824 | D:5      | 4824 ||| Found Ossuary.
  4834 | Ossuary  | Entered an ossuary
  4835 | Ossuary  | 4835 ||| Entered Ossuary.
  5138 | Ossuary  | Reached skill level 9 in Axes
  5353 | Ossuary  | 5353 ||| EATING bread ration.
  5379 | Ossuary  | 5379 ||| READING scroll labeled YPPESU VAGG.
  5381 | Ossuary  | 5381 ||| READING 5 scrolls of identify.
  5381 | Ossuary  | 5381 ||| IDENTIFYING metallic cyan potion
  5383 | Ossuary  | 5383 ||| READING 4 scrolls of identify.
  5383 | Ossuary  | 5383 ||| IDENTIFYING bubbling inky potion
  5385 | Ossuary  | 5385 ||| DROPPING potion of flight.
  5822 | D:5      | 5822 ||| READING 4 scrolls of identify.
  5822 | D:5      | 5822 ||| IDENTIFYING golden potion
  5824 | D:5      | 5824 ||| DRINKING potion of beneficial mutation.
  5824 | D:5      | Gained mutation: You have sharp toenails. [potion of beneficial mutation]
  5972 | D:6      | 5972 ||| READING scroll of enchant weapon.
  5972 | D:6      | 5972 ||| ENCHANTING +0 vampiric hand axe.
  6142 | D:6      | 6142 ||| INVOKING Berserk.
  6257 | D:6      | Reached skill level 10 in Axes
  6257 | D:6      | Reached XP level 9. HP: 48/54 MP: 9/9
  6392 | D:6      | 6392 ||| INVOKING Berserk.
  6446 | D:6      | 6446 ||| UPGRADING to war axe.
  6447 | D:6      | 6447 ||| DROPPING +1 vampiric hand axe.
  6472 | D:6      | 6472 ||| INVOKING Berserk.
  6648 | D:6      | Found a staircase to the Ecumenical Temple.
  6953 | D:6      | Reached skill level 11 in Axes
  7029 | D:6      | 7029 ||| UPGRADING to plate armour.
  7039 | D:6      | 7039 ||| DROPPING +0 ring mail.
  7040 | D:6      | 7040 ||| READING 3 scrolls of identify.
  7040 | D:6      | 7040 ||| IDENTIFYING sedimented green potion
  7042 | D:6      | 7042 ||| READING 2 scrolls of identify.
  7042 | D:6      | 7042 ||| IDENTIFYING fuming inky potion
  7044 | D:6      | 7044 ||| DROPPING wand of cold.
  7045 | D:6      | 7045 ||| DROPPING potion of degeneration.
  7233 | D:7      | Reached skill level 3 in Armour
  7234 | D:7      | 7234 ||| INVOKING Berserk.
  7558 | D:7      | Noticed a centaur warrior
  7572 | D:7      | Killed a centaur warrior
  7572 | D:7      | Reached XP level 10. HP: 48/60 MP: 10/10
  7756 | D:7      | Reached ***** piety under Trog
  7860 | D:7      | Reached skill level 6 in Fighting
  7996 | D:7      | 7996 ||| INVOKING Berserk.
  8022 | D:7      | Reached skill level 12 in Axes
  8621 | D:7      | 8621 ||| DROPPING wand of magic darts.
  8646 | D:7      | 8646 ||| EATING beef jerky.
  8672 | D:8      | 8672 ||| STAIRDANCE
  8781 | D:8      | 8781 ||| INVOKING Berserk.
  8794 | D:8      | Received a gift from Trog
  8854 | D:8      | 8854 ||| UPGRADING to battleaxe.
  8855 | D:8      | 8855 ||| DROPPING +0 war axe.
  8858 | D:8      | 8858 ||| UPGRADING to runed battleaxe {god gift}.
  8858 | D:8      | 8858 ||| Eating in order to wield vampiric weapon.
  8858 | D:8      | 8858 ||| EATING 4 meat rations.
  8861 | D:8      | 8861 ||| UPGRADING to vampiric battleaxe {god gift}.
  8862 | D:8      | 8862 ||| DROPPING +0 battleaxe.
  8869 | D:8      | 8869 ||| INVOKING Berserk.
  8989 | D:8      | Found an opulent altar of Gozag.
  9062 | D:8      | 9062 ||| INVOKING Berserk.
  9186 | D:8      | Found an iron altar of Okawaru.
  9426 | D:8      | 9426 ||| DRINKING potion of beneficial mutation.
  9426 | D:8      | Gained mutation: You have razor-sharp toenails. [potion of beneficial mutation]
  9428 | D:8      | Found Xeduq's Antique Weapon Boutique.
  9814 | D:8      | 9814 ||| READING 2 scrolls labeled TITA ROTOMNUBB.
  9816 | D:8      | 9816 ||| DROPPING wand of frost.
  9817 | D:8      | 9817 ||| DROPPING wand of draining.
  9818 | D:8      | 9818 ||| DROPPING wand of fireball.
  9819 | D:8      | 9819 ||| DROPPING scroll of fog.
 10126 | D:9      | Found a snail-covered altar of Cheibriados.
 10169 | D:9      | Reached skill level 13 in Axes
 10359 | D:9      | 10359 ||| INVOKING Berserk.
 10661 | D:9      | Found a staircase to the Lair.
 10668 | D:9      | 10668 ||| INVOKING Berserk.
 10673 | D:9      | Reached XP level 11. HP: 66/66 MP: 11/11
 10889 | D:9      | 10889 ||| UPGRADING to copper ring.
 10890 | D:9      | 10890 ||| REMOVING ring of stealth.
 10891 | D:9      | 10891 ||| DROPPING ring of stealth.
 10892 | D:9      | 10892 ||| READING scroll labeled SASISE BOQE.
 10894 | D:9      | 10894 ||| DROPPING wand of slowing.
 10961 | Lair:1   | Entered Level 1 of the Lair of Beasts
 10962 | Lair:1   | 10962 ||| Entered L.
 10965 | Lair:1   | 10965 ||| STAIRDANCE
 10977 | Lair:1   | 10977 ||| STAIRDANCE
 11007 | Lair:1   | 11007 ||| INVOKING Berserk.
 11014 | Lair:1   | 11014 ||| READING scroll of teleportation.
 11023 | Lair:1   | 11023 ||| INVOKING Brothers in Arms.
 11084 | Lair:1   | 11084 ||| INVOKING Brothers in Arms.
 11089 | Lair:1   | 11089 ||| EATING 9 royal jellies.
 11100 | Lair:1   | 11100 ||| INVOKING Berserk.
 11160 | Lair:1   | 11160 ||| INVOKING Berserk.
 11164 | Lair:1   | Reached skill level 14 in Axes
 11169 | Lair:1   | 11169 ||| EATING 8 royal jellies.
 11287 | Lair:1   | 11287 ||| INVOKING Berserk.
 11455 | Lair:1   | 11455 ||| INVOKING Berserk.
 11787 | Lair:1   | 11787 ||| READING scroll labeled ROLIFR LICHO.
 11837 | Lair:2   | 11837 ||| EATING 8 royal jellies.
 11867 | Lair:2   | 11867 ||| Stepping randomly (disturbance).
 11868 | Lair:2   | 11868 ||| Stepping randomly (disturbance).
 11902 | Lair:2   | 11902 ||| Stepping randomly (disturbance).
 11903 | Lair:2   | 11903 ||| INVOKING Berserk.
 12026 | Lair:2   | 12026 ||| INVOKING Berserk.
 12123 | Lair:2   | 12123 ||| EATING 7 royal jellies.
 12213 | Lair:2   | 12213 ||| Stepping ~*~*~tactically~*~*~ (water).
 12215 | Lair:2   | 12215 ||| INVOKING Berserk.
 12419 | Lair:2   | 12419 ||| INVOKING Berserk.
 12610 | Lair:2   | Reached skill level 15 in Axes
 12612 | Lair:2   | 12612 ||| INVOKING Berserk.
 13016 | Lair:2   | 13016 ||| EATING 6 royal jellies.
 13046 | Lair:2   | 13046 ||| UPGRADING to shiny chain mail.
 13056 | Lair:2   | 13056 ||| READING 9 scrolls of remove curse.
 13058 | Lair:2   | 13058 ||| UPGRADING to +0 plate armour.
 13068 | Lair:2   | 13068 ||| DROPPING +0 chain mail.
 13069 | Lair:2   | 13069 ||| UPGRADING to notched diamond ring.
 13070 | Lair:2   | 13070 ||| READING 8 scrolls of remove curse.
 13072 | Lair:2   | 13072 ||| REMOVING -2 ring of dexterity.
 13073 | Lair:2   | 13073 ||| DROPPING -2 ring of dexterity.
 13074 | Lair:2   | 13074 ||| READING 7 scrolls of identify.
 13074 | Lair:2   | 13074 ||| IDENTIFYING wand of teleportation
 13103 | Lair:2   | 13103 ||| INVOKING Berserk.
 13123 | Lair:2   | 13123 ||| ZAPPING wand of teleportation (5).
 13194 | Lair:2   | 13194 ||| INVOKING Berserk.
 13196 | Lair:2   | Reached XP level 12. HP: 73/73 MP: 12/12
 13202 | Lair:2   | 13202 ||| EATING 5 royal jellies.
 13206 | Lair:2   | 13206 ||| ZAPPING wand of teleportation (4).
 13209 | Lair:2   | 13209 ||| ZAPPING wand of teleportation (3).
 13215 | Lair:2   | 13215 ||| ZAPPING wand of teleportation (2).
 13283 | Lair:2   | 13283 ||| INVOKING Berserk.
 13374 | Lair:2   | 13374 ||| READING 2 scrolls of recharging.
 13374 | Lair:2   | 13374 ||| RECHARGING wand of teleportation (1).
 13376 | Lair:2   | 13376 ||| READING scroll of recharging.
 13376 | Lair:2   | 13376 ||| RECHARGING wand of teleportation (3).
 13435 | Lair:2   | 13435 ||| Stepping randomly (disturbance).
 13437 | Lair:2   | 13437 ||| Stepping randomly (disturbance).
 13438 | Lair:2   | 13438 ||| Stepping randomly (disturbance).
 13440 | Lair:2   | 13440 ||| Stepping randomly (disturbance).
 13442 | Lair:2   | 13442 ||| Stepping randomly (disturbance).
 13443 | Lair:2   | 13443 ||| INVOKING Berserk.
 13502 | Lair:2   | 13502 ||| Stepping randomly (disturbance).
 13504 | Lair:2   | 13504 ||| Stepping randomly (disturbance).
 13506 | Lair:2   | 13506 ||| Stepping randomly (disturbance).
 13507 | Lair:2   | 13507 ||| INVOKING Berserk.
 13574 | Lair:2   | 13574 ||| UPGRADING to dented fluorescent amulet.
 13601 | Lair:2   | Received a gift from Trog
 13604 | Lair:3   | 13604 ||| STAIRDANCE
 13620 | Lair:3   | Found a staircase to the Shoals.
 13710 | Lair:3   | Noticed Snorg
 13711 | Lair:3   | 13711 ||| INVOKING Brothers in Arms.
 13717 | Lair:3   | Noticed Nergalle
 13720 | Lair:3   | 13720 ||| INVOKING Berserk.
 13727 | Lair:3   | Killed Snorg
 13733 | Lair:3   | Killed Nergalle
 13852 | Lair:3   | Noticed a four-headed hydra
 13853 | Lair:3   | 13853 ||| INVOKING Brothers in Arms.
 13856 | Lair:3   | 13856 ||| INVOKING Berserk.
 13861 | Lair:3   | Killed an eight-headed hydra
 13861 | Lair:3   | Reached skill level 16 in Axes
 14357 | Lair:3   | Noticed Sonja
 14358 | Lair:3   | 14358 ||| INVOKING Brothers in Arms.
 14364 | Lair:3   | 14364 ||| INVOKING Berserk.
 14370 | Lair:3   | Killed Sonja
 14408 | Lair:3   | 14408 ||| EATING 4 royal jellies.
 14588 | Lair:4   | Noticed an eight-headed hydra
 14589 | Lair:4   | 14589 ||| INVOKING Brothers in Arms.
 14590 | Lair:4   | 14590 ||| INVOKING Berserk.
 14609 | Lair:4   | Killed a 20-headed hydra
 14688 | Lair:4   | 14688 ||| EATING 3 royal jellies.
 14829 | Lair:4   | 14829 ||| INVOKING Berserk.
 14843 | Lair:4   | 14843 ||| ZAPPING wand of teleportation (5).
 14916 | Lair:4   | 14916 ||| INVOKING Berserk.
 15098 | Lair:4   | 15098 ||| INVOKING Berserk.
 15102 | Lair:4   | Reached XP level 13. HP: 79/79 MP: 13/13
 15122 | Lair:4   | Reached skill level 17 in Axes
 15294 | Lair:4   | 15294 ||| READING scroll of enchant weapon.
 15294 | Lair:4   | 15294 ||| ENCHANTING +1 vampiric battleaxe.
 15427 | Lair:4   | 15427 ||| INVOKING Brothers in Arms.
 15662 | Lair:4   | 15662 ||| INVOKING Brothers in Arms.
 15663 | Lair:4   | 15663 ||| INVOKING Berserk.
 15721 | Lair:4   | 15721 ||| EATING 2 royal jellies.
 15733 | Lair:4   | 15733 ||| DROPPING wand of fire.
 15734 | Lair:4   | 15734 ||| DROPPING wand of polymorph.
 15762 | Lair:5   | 15762 ||| STAIRDANCE
 15999 | Lair:5   | 15999 ||| INVOKING Brothers in Arms.
 16002 | Lair:5   | 16002 ||| INVOKING Berserk.
 16007 | Lair:5   | Reached skill level 9 in Fighting
 16171 | Lair:5   | Reached skill level 6 in Armour
 16461 | Lair:5   | Reached skill level 18 in Axes
 16606 | Lair:5   | 16606 ||| DROPPING wand of disintegration.
 16706 | Lair:6   | Found a staircase to the Snake Pit.
 17112 | Lair:6   | 17112 ||| READING scroll of enchant weapon.
 17112 | Lair:6   | 17112 ||| ENCHANTING +2 vampiric battleaxe.
 17234 | Lair:6   | 17234 ||| READING scroll of enchant weapon.
 17234 | Lair:6   | 17234 ||| ENCHANTING +3 vampiric battleaxe.
 17314 | Lair:6   | 17314 ||| READING scroll labeled ZUTZUV DASH.
 17316 | Lair:6   | 17316 ||| READING 8 scrolls of identify.
 17316 | Lair:6   | 17316 ||| IDENTIFYING murky golden potion
 17318 | Lair:6   | 17318 ||| DROPPING potion of ambrosia.
 17485 | Lair:7   | 17485 ||| INVOKING Berserk.
 17553 | Lair:7   | Received a gift from Trog
 17557 | Lair:7   | 17557 ||| INVOKING Brothers in Arms.
 17561 | Lair:7   | 17561 ||| INVOKING Brothers in Arms.
 17562 | Lair:7   | 17562 ||| INVOKING Berserk.
 17564 | Lair:7   | Gained mutation: Your large and strong wings let you fly indefinitely. [Gargoyle growth]
 17564 | Lair:7   | Reached XP level 14. HP: 86/86 MP: 14/14
 17623 | Lair:7   | 17623 ||| INVOKING Fly.
 17623 | Lair:7   | 17623 ||| FLYING.
 17659 | Lair:7   | 17659 ||| INVOKING Berserk.
 18003 | Lair:7   | Reached skill level 19 in Axes
 18156 | Lair:7   | 18156 ||| INVOKING Brothers in Arms.
 18157 | Lair:7   | 18157 ||| INVOKING Brothers in Arms.
 18159 | Lair:7   | 18159 ||| INVOKING Brothers in Arms.
 18160 | Lair:7   | 18160 ||| INVOKING Berserk.
 18261 | Lair:7   | 18261 ||| READING 9 scrolls of identify.
 18261 | Lair:7   | 18261 ||| IDENTIFYING lumpy ruby potion
 18263 | Lair:7   | 18263 ||| DROPPING potion of berserk rage.
 18279 | Lair:8   | Entered Level 8 of the Lair of Beasts
 18329 | Lair:8   | Found a runed door.
 18329 | Lair:8   | Found a viscous altar of Jiyva.
 18329 | Lair:8   | Found a staircase to the Slime Pits.
 18329 | Lair:8   | Noticed an acid blob
 18330 | Lair:8   | 18330 ||| INVOKING Berserk.
 18335 | Lair:8   | 18335 ||| ZAPPING wand of teleportation (4).
 18339 | Lair:8   | 18339 ||| INVOKING Brothers in Arms.
 18340 | Lair:8   | 18340 ||| INVOKING Brothers in Arms.
 18345 | Lair:8   | 18345 ||| ZAPPING wand of teleportation (3).
 18592 | Lair:8   | 18592 ||| INVOKING Brothers in Arms.
 18593 | Lair:8   | 18593 ||| INVOKING Brothers in Arms.
 18597 | Lair:8   | 18597 ||| INVOKING Berserk.
 18622 | Lair:8   | 18622 ||| ZAPPING wand of teleportation (2).
 18711 | Lair:8   | 18711 ||| INVOKING Brothers in Arms.
 18715 | Lair:8   | 18715 ||| INVOKING Berserk.
 18922 | Lair:8   | 18922 ||| INVOKING Berserk.
 18933 | Lair:8   | 18933 ||| ZAPPING wand of teleportation (1).
 18940 | Lair:8   | 18940 ||| READING scroll of teleportation.
 19051 | Lair:8   | 19051 ||| INVOKING Berserk.
 19104 | Lair:8   | 19104 ||| EATING 2 royal jellies.
 19619 | Lair:8   | 19619 ||| UPGRADING to large brass ring.
 19620 | Lair:8   | 19620 ||| READING 10 scrolls of remove curse.
 19622 | Lair:8   | 19622 ||| REMOVING -3 ring of intelligence.
 19623 | Lair:8   | 19623 ||| DROPPING -3 ring of intelligence.
 19924 | D:10     | Entered Level 10 of the Dungeon
 20147 | D:10     | Found a viscous altar of Jiyva.
 20414 | D:10     | Reached skill level 20 in Axes
 20675 | D:10     | 20675 ||| UPGRADING to pair of glowing gloves.
 20680 | D:10     | 20680 ||| UPGRADING to notched ruby ring.
 20681 | D:10     | 20681 ||| READING 10 scrolls of remove curse.
 20683 | D:10     | 20683 ||| REMOVING ring of teleportation.
 20684 | D:10     | 20684 ||| DROPPING ring of teleportation.
 20685 | D:10     | 20685 ||| UPGRADING to runed steel ring.
 20686 | D:10     | 20686 ||| REMOVING ring of ice.
 20695 | D:11     | 20695 ||| STAIRDANCE
 20799 | D:11     | Reached skill level 3 in Dodging
 20814 | D:11     | 20814 ||| INVOKING Berserk.
 20822 | D:11     | Reached XP level 15. HP: 65/92 MP: 15/15
 20834 | D:11     | 20834 ||| INVOKING Brothers in Arms.
 20843 | D:11     | 20843 ||| EATING royal jelly.
 20911 | D:11     | 20911 ||| INVOKING Berserk.
 20912 | D:11     | HP: 30/138 [cyclops (10)]
 21069 | D:11     | 21069 ||| EATING 9 beef jerkies.
 21255 | D:11     | 21255 ||| UPGRADING to dented steel amulet.
 21257 | D:11     | 21257 ||| DROPPING amulet of clarity.
 21258 | D:11     | 21258 ||| UPGRADING to marble ring.
 21259 | D:11     | 21259 ||| UPGRADING to moonstone ring.
 21260 | D:11     | 21260 ||| UPGRADING to notched granite ring.
 21262 | D:11     | 21262 ||| UPGRADING to blackened steel ring.
 21264 | D:11     | 21264 ||| REMOVING ring of wizardry.
 21265 | D:11     | 21265 ||| UPGRADING to +1 ring of protection.
 21266 | D:11     | 21266 ||| DROPPING ring of wizardry.
 21267 | D:11     | 21267 ||| READING scroll labeled BIYNWU ATWEEH.
 21272 | D:11     | 21272 ||| READING scroll labeled ACUXAA TEEXKUG.
 21274 | D:11     | 21274 ||| DROPPING wand of random effects.
 21282 | D:12     | 21282 ||| STAIRDANCE
 21294 | D:12     | 21294 ||| STAIRDANCE
 21298 | D:11     | 21298 ||| INVOKING Berserk.
 21435 | D:12     | 21435 ||| STAIRDANCE
 21485 | D:12     | 21485 ||| STAIRDANCE
 21510 | D:12     | Found a staircase to the Orcish Mines.
 21652 | D:12     | Received a gift from Trog
 22330 | D:12     | 22330 ||| UPGRADING to embroidered cloak.
 22340 | D:12     | 22340 ||| READING 10 scrolls of remove curse.
 22342 | D:12     | 22342 ||| UPGRADING to +2 cloak of magic resistance.
 22352 | D:12     | 22352 ||| DROPPING +0 cloak.
 22372 | Orc:1    | Entered Level 1 of the Orcish Mines
 22373 | Orc:1    | 22373 ||| Entered O.
 22457 | Orc:1    | 22457 ||| INVOKING Trog's Hand.
 22460 | Orc:1    | 22460 ||| INVOKING Berserk.
 22464 | Orc:1    | Reached skill level 6 in Dodging
 22712 | Orc:1    | Found a dark tunnel.
 23051 | Orc:3    | 23051 ||| STAIRDANCE
 23052 | Orc:3    | Noticed Urug
 23064 | Orc:3    | 23064 ||| STAIRDANCE
 23066 | Orc:2    | Reached ****** piety under Trog
 23090 | Orc:3    | 23090 ||| STAIRDANCE
 23107 | Orc:3    | 23107 ||| STAIRDANCE
 23123 | Orc:3    | 23123 ||| STAIRDANCE
 23140 | Orc:3    | 23140 ||| STAIRDANCE
 23159 | Orc:3    | Received a gift from Trog
 23169 | Orc:3    | Killed Urug
 23313 | Orc:3    | Noticed Josephine
 23332 | Orc:3    | Killed Josephine
 23826 | Orc:4    | Entered Level 4 of the Orcish Mines
 23859 | Orc:4    | Found a staircase to the Elven Halls.
 23866 | Orc:4    | 23866 ||| INVOKING Brothers in Arms.
 23867 | Orc:4    | Found Fubun's Antique Weapon Shoppe.
 23870 | Orc:4    | 23870 ||| INVOKING Berserk.
 23878 | Orc:4    | Received a gift from Trog
 23953 | Orc:4    | Found Iruiklai's Antique Armour Emporium.
 24014 | Orc:4    | Bought a shiny chain mail for 108 gold pieces
 24014 | Orc:4    | Bought a pair of embroidered boots for 108 gold pieces
 24063 | Orc:4    | Found Aqab's Antique Weapon Emporium.
 24147 | Orc:4    | 24147 ||| INVOKING Trog's Hand.
 24148 | Orc:4    | Found Wilijorch's General Store.
 24154 | Orc:4    | 24154 ||| INVOKING Berserk.
 24325 | Orc:4    | Found Xyigis's Jewellery Emporium.
 24326 | Orc:4    | 24326 ||| INVOKING Brothers in Arms.
 24328 | Orc:4    | 24328 ||| INVOKING Berserk.
 24342 | Orc:4    | Received a gift from Trog
 24471 | Orc:4    | Bought a +5 ring of strength for 618 gold pieces
 24471 | Orc:4    | Bought an uncursed ring of protection from cold for 375 gold pieces
 24471 | Orc:4    | Bought an uncursed ring of protection from fire for 375 gold pieces
 24656 | Orc:4    | Bought a scroll of remove curse for 42 gold pieces
 24656 | Orc:4    | Bought a potion of curing for 42 gold pieces
 24656 | Orc:4    | Bought a scroll of identify for 28 gold pieces
 24656 | Orc:4    | Bought a meat ration for 70 gold pieces
 24784 | Orc:4    | 24784 ||| UPGRADING to shiny chain mail.
 24794 | Orc:4    | 24794 ||| UPGRADING to +0 plate armour.
 24804 | Orc:4    | 24804 ||| DROPPING +3 chain mail of poison resistance.
 24805 | Orc:4    | 24805 ||| UPGRADING to shiny chain mail.
 24815 | Orc:4    | 24815 ||| UPGRADING to +0 plate armour.
 24825 | Orc:4    | 24825 ||| DROPPING +1 chain mail of poison resistance.
 24826 | Orc:4    | 24826 ||| UPGRADING to pair of embroidered boots.
 24836 | Orc:4    | Identified a +0 pair of boots of running (You bought it in a shop on level 4 of the Orcish Mines)
 24836 | Orc:4    | 24836 ||| DROPPING +0 pair of boots.
 24837 | Orc:4    | 24837 ||| UPGRADING to glowing chain mail.
 24847 | Orc:4    | 24847 ||| UPGRADING to +0 plate armour.
 24857 | Orc:4    | 24857 ||| DROPPING ring of protection from magic.
 24858 | Orc:4    | 24858 ||| UPGRADING to +5 ring of strength.
 24860 | Orc:4    | 24860 ||| UPGRADING to ring of protection from cold.
 24862 | Orc:4    | 24862 ||| DROPPING +1 ring of protection.
 24993 | D:12     | 24993 ||| EATING 8 beef jerkies.
 25085 | D:13     | 25085 ||| STAIRDANCE
 25095 | D:13     | 25095 ||| STAIRDANCE
 25097 | D:12     | 25097 ||| INVOKING Berserk.
 25098 | D:12     | Received a gift from Trog
 25169 | D:13     | 25169 ||| STAIRDANCE
 25171 | D:12     | 25171 ||| INVOKING Berserk.
 25661 | D:13     | 25661 ||| READING scroll of enchant weapon.
 25661 | D:13     | 25661 ||| ENCHANTING +4 vampiric battleaxe.
 25864 | D:13     | 25864 ||| EATING 8 beef jerkies.
 26037 | D:14     | 26037 ||| READING scroll of recharging.
 26037 | D:14     | 26037 ||| RECHARGING wand of teleportation (0).
 26045 | D:14     | 26045 ||| INVOKING Trog's Hand.
 26047 | D:14     | 26047 ||| INVOKING Berserk.
 26126 | D:14     | Found a gate to the Vaults.
 26133 | D:14     | Received a gift from Trog
 26135 | D:14     | Reached skill level 9 in Dodging
 26169 | D:14     | Reached skill level 9 in Armour
 26231 | D:14     | Reached XP level 16. HP: 97/97 MP: 16/16
 26303 | D:14     | 26303 ||| READING scroll of enchant armour.
 26303 | D:14     | 26303 ||| ENCHANTING +1 pair of gloves.
 26516 | D:14     | You are sucked into a shaft!
 26516 | D:15     | Entered Level 15 of the Dungeon
 26517 | D:15     | 26517 ||| Shafted from D:14 to D:15.
 26553 | D:14     | 26553 ||| Successfully unshafted to D:14.
 26604 | D:14     | 26604 ||| INVOKING Brothers in Arms.
 26610 | D:14     | 26610 ||| INVOKING Berserk.
 26766 | D:14     | 26766 ||| INVOKING Trog's Hand.
 27013 | D:14     | 27013 ||| UPGRADING to runed chain mail.
 27023 | D:14     | 27023 ||| READING 11 scrolls of remove curse.
 27025 | D:14     | 27025 ||| UPGRADING to +0 plate armour.
 27035 | D:14     | 27035 ||| DROPPING -1 chain mail.
 27240 | D:15     | 27240 ||| INVOKING Trog's Hand.
 27247 | D:15     | Found a white marble altar of Elyvilon.
 27390 | D:15     | 27390 ||| Invisible monster not found???
 27537 | D:15     | 27537 ||| INVOKING Brothers in Arms.
 27544 | D:15     | 27544 ||| EATING 7 beef jerkies.
 27580 | D:15     | 27580 ||| INVOKING Berserk.
 27624 | D:15     | 27624 ||| INVOKING Trog's Hand.
 27626 | D:15     | 27626 ||| ZAPPING wand of teleportation (4).
 27814 | D:15     | Found a staircase to the Depths.
 27875 | D:15     | 27875 ||| INVOKING Brothers in Arms.
 27880 | D:15     | 27880 ||| INVOKING Berserk.
 27888 | D:15     | 27888 ||| INVOKING Trog's Hand.
 28345 | D:15     | 28345 ||| EATING 7 beef jerkies.
 28572 | D:15     | 28572 ||| UPGRADING to runed chain mail.
 28582 | D:15     | 28582 ||| READING 13 scrolls of remove curse.
 28584 | D:15     | 28584 ||| UPGRADING to +0 plate armour.
 28594 | D:15     | 28594 ||| DROPPING +0 chain mail.
 28595 | D:15     | 28595 ||| DRINKING 2 cyan potions.
 28596 | D:15     | 28596 ||| READING 11 scrolls of identify.
 28596 | D:15     | 28596 ||| IDENTIFYING grey potion
 28598 | D:15     | 28598 ||| DROPPING potion of poison.
 28599 | D:15     | 28599 ||| DROPPING potion of invisibility.
 28600 | D:15     | 28600 ||| DROPPING wand of paralysis.
 28728 | D:12     | 28728 ||| EATING 6 beef jerkies.
 29005 | Lair:2   | 29005 ||| STAIRDANCE
 29011 | Lair:2   | 29011 ||| STAIRDANCE
 29178 | Snake:1  | Entered Level 1 of the Snake Pit
 29179 | Snake:1  | 29179 ||| Entered P.
 29180 | Snake:1  | 29180 ||| INVOKING Berserk.
 29187 | Snake:1  | Received a gift from Trog
 29191 | Snake:1  | Noticed Azrael
 29212 | Snake:1  | Killed Azrael
 29483 | Snake:1  | 29483 ||| INVOKING Berserk.
 29496 | Snake:1  | 29496 ||| EATING 5 beef jerkies.
 29704 | Snake:1  | 29704 ||| EATING 4 beef jerkies.
 29814 | Snake:1  | 29814 ||| INVOKING Berserk.
 29898 | Snake:1  | 29898 ||| EATING 3 beef jerkies.
 29900 | Snake:1  | Found a frozen archway.
 30570 | Snake:1  | 30570 ||| UPGRADING to ring of dexterity.
 30572 | Snake:1  | 30572 ||| UPGRADING to +5 ring of strength.
 30574 | Snake:1  | 30574 ||| UPGRADING to ring of protection from cold.
 30576 | Snake:1  | 30576 ||| DROPPING +2 ring of dexterity.
 30616 | Snake:2  | Reached XP level 17. HP: 104/104 MP: 17/17
 30622 | Snake:2  | Received a gift from Trog
 30748 | Snake:2  | 30748 ||| INVOKING Berserk.
 30786 | Snake:2  | 30786 ||| EATING 2 beef jerkies.
 30973 | Snake:2  | Noticed endege's ghost (adept TeBe)
 30973 | Snake:2  | 30973 ||| INVOKING Brothers in Arms.
 30976 | Snake:2  | 30976 ||| INVOKING Berserk.
 30996 | Snake:2  | Killed endege's ghost
 31027 | Snake:2  | 31027 ||| EATING beef jerky.
 31101 | Snake:2  | Found Leum's Antique Armour Emporium.
 31106 | Snake:2  | Bought a pair of runed boots for 157 gold pieces
 31106 | Snake:2  | Bought a helmet for 157 gold pieces
 31106 | Snake:2  | Bought a shiny chain mail for 157 gold pieces
 31782 | Snake:2  | 31782 ||| UPGRADING to pair of runed boots.
 31792 | Snake:2  | Identified a +2 pair of boots of running (You bought it in a shop on level 2 of the Snake Pit)
 31792 | Snake:2  | 31792 ||| UPGRADING to helmet.
 31797 | Snake:2  | 31797 ||| UPGRADING to shiny chain mail.
 31807 | Snake:2  | 31807 ||| UPGRADING to +0 plate armour.
 31817 | Snake:2  | 31817 ||| DROPPING +2 chain mail of magic resistance.
 31818 | Snake:2  | 31818 ||| DROPPING +0 pair of boots of running.
 31892 | Snake:3  | Noticed Kirke
 31893 | Snake:3  | 31893 ||| INVOKING Trog's Hand.
 31916 | Snake:3  | Killed Kirke
 32232 | Snake:3  | Reached skill level 12 in Fighting
 32261 | Snake:3  | 32261 ||| INVOKING Berserk.
 32277 | Snake:3  | Reached skill level 12 in Dodging
 32427 | Snake:3  | Reached skill level 12 in Armour
 32542 | Snake:3  | 32542 ||| INVOKING Berserk.
 32592 | Snake:3  | 32592 ||| EATING 6 slices of pizza.
 32733 | Snake:4  | Entered Level 4 of the Snake Pit
 32735 | Snake:4  | 32735 ||| STAIRDANCE
 32795 | Snake:4  | 32795 ||| INVOKING Berserk.
 32809 | Snake:4  | 32809 ||| EATING 5 slices of pizza.
 32917 | Snake:4  | 32917 ||| INVOKING Berserk.
 32980 | Snake:4  | Noticed Nikola
 32981 | Snake:4  | 32981 ||| INVOKING Brothers in Arms.
 32982 | Snake:4  | 32982 ||| INVOKING Berserk.
 33007 | Snake:4  | Noticed Mara
 33016 | Snake:4  | Noticed endege's illusion
 33027 | Snake:4  | 33027 ||| ZAPPING wand of teleportation (3).
 33032 | Snake:4  | 33032 ||| ZAPPING wand of teleportation (2).
 33037 | Snake:4  | 33037 ||| INVOKING Brothers in Arms.
 33047 | Snake:4  | HP: 13/107 [Mara (illusionary)/bolt of fire (38)]
 33048 | Snake:4  | 33048 ||| DRINKING 3 potions of heal wounds.
 33048 | Snake:4  | HP: 5/107 [naga sharpshooter/bolt (3)]
 33048 | Snake:4  | Killed from afar by Mara (illusionary)

Vault maps used:
D:1:      saegor_arrival_simple_b
D:2:      ecumenical_altar_2, uniq_jessica, uniq_crazy_yiuf_cottage
D:3:      kennysheep_big_flooded_room, zin_scriptorium, xom_teletrap_fun
D:4:      lemuel_round_altar, fedhas_altar_2, serial_shops, shop,
          kennysheep_mini, nicolae_shop_crystal, kennysheep_mini_moat, shop,
          columned_hall_lemuel, vehumet_altar_wand_db
D:5:      enter_ossuary_3, first_bread, minmay_stone_trees_small,
          cheibrodos_ashenzari_chains, uniq_sigmund
D:6:      temple_fountains
D:8:      okawaru_trees_2, nicolae_gozag_cash_rules_everything_around_me,
          serial_shops, nicolae_shop_overgrown_old_shop,
          hangedman_pestilent_swarm
D:9:      cheibrodos_worm_habitat, david_lair_shrubbed
D:10:     jiyva_altar_1
D:12:     wad_cavern_with_rooms, orc_0_dummy
D:13:     kennysheep_donut, kennysheep_boxes
D:14:     grunt_vaults_entry_fortified, minmay_misc_feat_plants,
          hangedman_decor_diamond_cutter, minmay_statues_item, kb_rosetta
D:15:     grunt_enter_depths_snipers, basic_altar, minmay_misc_feat_cross
Lair:2:   worms_lemuel
Lair:3:   shoals_dummy_entry, bh_autumn_forest_stairs, uniq_snorg,
          uniq_nergalle, uniq_sonja
Lair:5:   cheibrodos_lair_reptile_den
Lair:6:   minmay_snake_entry_spellcaster
Lair:8:   due_jungle_book, slime_altar_2, nicolae_quartered_pool_super,
          wad_woods_antlair
Snake:1:  portal_ice_cave_entry_ugly_swarm, uniq_azrael
Snake:2:  serial_shops, nicolae_shop_waterfront, st_stairs_11
Snake:3:  serial_bayou_shore_b, uniq_kirke
Snake:4:  minmay_snake_end_coiled, uniq_nikola, uniq_mara, uniq_roxanne
Orc:1:    enter_volcano_2
Orc:3:    nicolae_orc_pool_cavern, uniq_urug, uniq_josephine
Orc:4:    grunt_orc_gardens, grunt_orc_garden, grunt_orc_garden,
          grunt_orc_garden, grunt_orc_garden, serial_shops, shop
Ossuary:  minmay_ossuary_two_tombs

Action                   |  1- 3 |  4- 6 |  7- 9 | 10-12 | 13-15 | 16-18 || total
-------------------------+-------+-------+-------+-------+-------+-------++-------
Melee: Hand axe          |   110 |   276 |   456 |       |       |       ||   842
       War axe           |       |       |   153 |   139 |       |       ||   292
       Battleaxe         |       |       |       |   654 |  1461 |   873 ||  2988
Throw: Tomahawk          |       |     6 |    47 |    34 |       |       ||    87
       Javelin           |       |       |       |       |    65 |    70 ||   135
Invok: Berserk           |     5 |     4 |     6 |    28 |    21 |    13 ||    77
       Brothers in Arms  |       |       |       |     6 |    13 |     6 ||    25
       Trog's Hand       |       |       |       |       |     3 |     5 ||     8
 Abil: Fly               |       |       |       |       |     1 |       ||     1
Evoke: Wand              |       |       |       |     5 |     4 |     3 ||    12
  Use: Scroll            |     2 |     7 |    11 |     9 |    14 |     4 ||    47
       Potion            |     2 |     4 |     1 |     1 |       |     2 ||    10
 Stab: Distracted        |       |       |       |       |       |     1 ||     1
  Eat: Chunk             |     7 |    11 |    10 |    36 |    53 |    20 ||   137
       Pizza             |       |     1 |     3 |       |       |     2 ||     6
       Bread ration      |       |       |     2 |       |       |       ||     2
       Beef jerky        |       |       |       |     1 |     3 |     8 ||    12
       Meat ration       |       |       |       |     1 |       |       ||     1
       Royal jelly       |       |       |       |     8 |     3 |       ||    11
